 Dungeon Crawl Stone Soup version 0.31-a0-358-gac0dbeb3ab (webtiles) character file.

Game seed: 17889114972772094817

21 cforsyth the Charlatan (level 2, -1/23 HPs)
             Began as a Gnoll Artificer on July 25, 2023.
             Slain by Terence
             ... wielding a +0 hand axe
              (6 damage)
             ... on level 2 of the Dungeon.
             The game lasted 00:00:51 (711 turns).

cforsyth the Charlatan (Gnoll Artificer)             Turns: 711, Time: 00:00:52

Health: -1/23      AC:  3    Str: 11    XL:     2   Next: 87%
Magic:  2/2        EV: 12    Int: 10    God:
Gold:   29         SH:  0    Dex: 12    Spells: 2/2 levels left

rFire   . . .        a - +0 club
rCold   . . .        (no shield)
rNeg    . . .        b - +0 leather armour
rPois   .            (no helmet)
rElec   .            (no cloak)
rCorr   .            (no gloves)
SInv    .            (no boots)
Will    .....        (no amulet)
Stlth   ++           (no ring)
HPRegen 0.23/turn    (no ring)
MPRegen 0.08/turn

%: no passive effects
@: no status effects
A: fangs 1, strong nose, distributed training
a: no special abilities


You were on level 2 of the Dungeon.
You visited 1 branch of the dungeon, and saw 2 of its levels.

You collected 29 gold pieces.

Inventory:

Hand Weapons
 a - a +0 club (weapon)
Armour
 b - a +0 leather armour (worn)
Wands
 c - a wand of flame (11) (quivered)
 d - a wand of charming (15)
 e - a wand of iceblast (5)
Scrolls
 f - 3 scrolls of enchant armour {unknown}
 g - a scroll of fear {unknown}
 h - a scroll of amnesia {unknown}
 i - a scroll of fog {unknown}
 j - 2 scrolls of enchant weapon {unknown}
 k - 3 scrolls of poison {unknown}
 m - a scroll of blinking {unknown}
 o - a scroll of identify {unknown}
Potions
 l - a potion of curing {unknown}
 n - a potion of haste {unknown}


   Skills:
 + Level 2.5 Fighting
 + Level 0.5 Short Blades
 + Level 0.5 Long Blades
 + Level 0.5 Axes
 + Level 0.5 Maces & Flails
 + Level 0.5 Polearms
 + Level 0.5 Staves
 + Level 0.5 Ranged Weapons
 + Level 0.5 Throwing
 + Level 4.5 Armour
 + Level 2.5 Dodging
 + Level 2.3 Stealth
 + Level 0.5 Shields
 + Level 0.5 Unarmed Combat
 + Level 0.5 Spellcasting
 + Level 0.4 Conjurations
 + Level 0.4 Hexes
 + Level 0.4 Summonings
 + Level 0.4 Necromancy
 + Level 0.4 Translocations
 + Level 0.4 Transmutations
 + Level 0.4 Fire Magic
 + Level 0.4 Ice Magic
 + Level 0.4 Air Magic
 + Level 0.4 Earth Magic
 + Level 0.4 Poison Magic
 + Level 0.7 Invocations
 + Level 6.5 Evocations
 + Level 0.4 Shapeshifting


You had 2 spell levels left.
You didn't know any spells.
Your spell library was empty.

Dungeon Overview and Level Annotations

Branches:
Dungeon (2/15)

Altars:

Annotations:
D:2 Terence


Innate Abilities, Weirdness & Mutations

You have very sharp teeth.
Your uncanny sense of smell can sniff out nearby items.
Your experience applies equally to all skills.


Message History

Terence barely misses you.
You hit Terence but do no damage.
Terence is lightly wounded.
Terence misses you.
You hit Terence but do no damage. Terence hits you with a +0 hand axe. x2
You hit Terence but do no damage. Terence misses you.
You hit Terence but do no damage. Terence barely misses you.
You barely miss Terence. Your bite misses Terence.
Terence hits you with a +0 hand axe. Terence closely misses you.
You barely miss Terence. Terence misses you.
You hit Terence.
Terence is lightly wounded.
Terence hits you with a +0 hand axe.
Aiming: Throw Flame
Press: ? - help, Shift-Dir - straight line, f - Terence
Aim: Terence, wielding a +0 hand axe and wearing a +0 chain mail (lightly wounded, 81% to hit)
The puff of flame hits Terence.
Terence is moderately wounded.
Terence hits you with a +0 hand axe.
Aiming: Throw Flame
Press: ? - help, Shift-Dir - straight line, f/p - Terence
Aim: Terence, wielding a +0 hand axe and wearing a +0 chain mail (moderately wounded, 81% to hit)
The puff of flame hits Terence.
Terence is heavily wounded.
Terence completely misses you.
Aiming: Throw Flame
Press: ? - help, Shift-Dir - straight line, f/p - Terence
Aim: Terence, wielding a +0 hand axe and wearing a +0 chain mail (heavily wounded, 81% to hit)
The puff of flame hits Terence but does no damage.
Terence is heavily wounded.
Terence hits you with a +0 hand axe. The worm barely misses you.
Aiming: Throw Flame
Press: ? - help, Shift-Dir - straight line, f/p - Terence
Aim: Terence, wielding a +0 hand axe and wearing a +0 chain mail (heavily wounded, 81% to hit)
The puff of flame hits Terence.
Terence is heavily wounded.
Terence misses you. The worm bites you!
* * * LOW HITPOINT WARNING * * *
Terence attacks as you move away! Terence hits you with a +0 hand axe.
You die...

#. #.. .# #.##.##.
##...... ##......#
###.......#
..........# #####
.........w##......
#....<..@@.#
.>........#..#
######..#.......
#.###...#### #.#
#..# ## .... #####


You could see Terence and a worm.

Vanquished Creatures
  A dart slug (D:1)
  2 bats (D:1)
  2 endoplasms (D:1)
  3 goblins (D:1)
  4 ball pythons (D:1)
  A kobold (D:1)
  8 rats (D:1)
21 creatures vanquished.

Notes
Turn   | Place    | Note
-------+----------+-------------------------------------------
     0 | D:1      | cforsyth the Gnoll Artificer began the quest for the Orb.
     0 | D:1      | Reached XP level 1. HP: 17/17 MP: 1/1
   102 | D:1      | Found a faded altar of an unknown god.
   134 | D:1      | Reached XP level 2. HP: 13/23 MP: 2/2
   694 | D:2      | Noticed Terence
   711 | D:2      | Slain by Terence

Illustrated notes

Levels and vault maps discovered:
D:1:      dpeg_arrival_prison, layout_basic, dreamdust_ecumenical_altar_statues
D:2:      layout_loops_cross, serial_shops, shop, basic_altar,
          kennysheep_generic_room_12, uniq_terence, uniq_jessica

Action                     || total
---------------------------++-------
  Melee: Club              ||    61
         Bite              ||     7
  Evoke: Wand              ||     4
   Stab: Sleeping          ||     4
 Armour: Leather armour    ||    24
  Dodge: Dodged            ||    49

Table legend: (Time is in decaauts)
 A = Elapsed time spent in this place.
 B = Non-inter-level travel time spent in this place.
 C = Inter-level travel time spent in this place.
 D = Time resting spent in this place.
 E = Time spent auto-exploring this place.
 F = Levels seen in this place.
 G = Mean time per level.
                   A        B        C        D        E       F      G
               +--------+--------+--------+--------+--------+-----+--------+
         Total |    727 |    694 |     33 |      0 |    513 |   2 |  363.5 |
       Dungeon |    727 |    694 |     33 |      0 |    513 |   2 |  363.5 |
               +--------+--------+--------+--------+--------+-----+--------+

Top non-repeatable levels by time:
     D:1: 708 daAuts
     D:2: 19 daAuts
